 Dungeon Crawl Stone Soup version 0.18.1-50-g88ac8fd (webtiles) character file.

28 Qew7 the Charmwright (level 2, 0/22 HPs)
             Began as a Vampire Skald on Oct 25, 2016.
             Slain by an adder (2 damage)
             ... on level 3 of the Dungeon.
             The game lasted 00:05:28 (1145 turns).

Qew7 the Charmwright (Vampire Skald)                Turns: 1145, Time: 00:05:29

Health: 0/22       AC:  4    Str: 11    XL:     2   Next: 96%
Magic:  5/5        EV: 11    Int: 14    God:    Xom [..*...]
Gold:   133        SH:  0    Dex: 13    Spells: 1 memorised, 4 levels left

rFire  . . .     SeeInvis +     a - +0 short sword
rCold  + . .     Gourm    .     b - +1 leather armour
rNeg   + + .     Faith    .     (no shield)
rPois  +         Spirit   .     (no helmet)
rElec  .         Dismiss  .     (no cloak)
rCorr  .         Reflect  .     (no gloves)
SustAt .         Harm     .     (no boots)
MR     .....                    (no amulet)
Stlth  +.........               (no ring)
                                (no ring)

@: regenerating slowly, not resistant to hostile enchantments, very unstealthy
A: fangs 3, see invisible, unbreathing
a: Renounce Religion


You were on level 3 of the Dungeon.
You worshipped Xom.
You were a toy of Xom.
You were thirsty.

You visited 1 branch of the dungeon, and saw 3 of its levels.

You collected 133 gold pieces.

Inventory:

Hand Weapons
 a - a +0 short sword (weapon)
Missiles
 o - 8 javelins (quivered)
Armour
 b - a +1 leather armour (worn)
Jewellery
 h - an uncursed ring of resist corrosion {unknown}
 n - an uncursed amulet of the gourmand {unknown}
Wands
 q - a wand of iceblast (9/15)
Scrolls
 e - 2 scrolls of remove curse
 g - 3 scrolls of identify {unknown}
 i - a scroll of blinking
 l - a scroll of magic mapping
 m - a scroll of teleportation
Potions
 d - a potion of blood
 f - a potion of curing {unknown}
 j - a potion of brilliance {unknown}
 k - a potion of might {unknown}
 p - a potion of berserk rage {unknown}
Books
 c - a book of Battle

   Spells                             Type                      Level
   a - Infusion                       Charms                       1
   b - Shroud of Golubria             Charms/Translocation         2
   c - Song of Slaying                Charms                       2
   d - Spectral Weapon                Hexes/Charms                 3
   e - Regeneration                   Charms/Necromancy            3


   Skills:
 + Level 2.1 Fighting
 + Level 2.4 Short Blades
 + Level 1.2 Armour
 + Level 1.3 Dodging
 + Level 2.2 Spellcasting
 + Level 3.5 Charms


You had 4 spell levels left.
You knew the following spells:

 Your Spells              Type           Power        Failure   Level  Hunger
a - Infusion              Chrm           ##..         10%         1    #......


Dungeon Overview and Level Annotations

Branches:
Dungeon (3/15)

Altars:
Okawaru
Xom


Innate Abilities, Weirdness & Mutations

You heal slowly.
You have razor-sharp teeth.
You have supernaturally acute eyesight.
You can survive without breathing.


Message History

The adder barely misses you.
You miss the adder.
The adder is heavily wounded.
The adder barely misses you.
You hit the adder but do no damage.
The adder is heavily wounded.
The adder bites you.
* * * LOW HITPOINT WARNING * * *
The adder bites you but does no damage.
You are too injured to fight recklessly!
You are too injured to fight recklessly!
You hit the adder. Your bite misses the adder.
The adder is severely wounded.
The adder bites you.
* * * LOW HITPOINT WARNING * * *
You closely miss the adder. Your bite misses the adder.
The adder is severely wounded.
The adder bites you.
You die... "What!?
That's it?"

### #<# #.# #.#
#.# #.#
######.#####
#.......@S..#
................
................
..............%.
................
..###...........
.. #.......####
#.......#


You could see an adder.

Vanquished Creatures
  A worm (D:2)
  A dart slug (D:1)
  4 bats
  A giant cockroach (D:1)
  4 goblins (D:1)
  4 hobgoblins
  A ball python (D:1)
  A giant newt (D:1)
  4 kobolds
  A rat (D:1)
22 creatures vanquished.

Notes
Turn   | Place    | Note
--------------------------------------------------------------
     0 | D:1      | Qew7 the Vampire Skald began the quest for the Orb.
     0 | D:1      | Reached XP level 1. HP: 16/16 MP: 3/3
   156 | D:1      | Found an iron altar of Okawaru.
   163 | D:1      | Reached XP level 2. HP: 18/22 MP: 5/5
   496 | D:1      | Reached skill level 1 in Armour
   910 | D:2      | Found a shimmering altar of Xom.
   920 | D:2      | Became a worshipper of Xom of Chaos
  1145 | D:3      | Slain by an adder

Skill      XL: |  1  2 |
---------------+-------+-----
Fighting       | 2 |  2.1
Armour         | 1 |  1.2
Short Blades   | |  2.4
Dodging        | |  1.3
Spellcasting   | |  2.2
Charms         | |  3.5

Action                   || total
-------------------------++-------
Melee: Short sword       ||    87
       Bite              ||     8
  Use: Scroll            ||     6
Armor: Leather armour    ||    25
Dodge: Dodged            ||    60
